[Event "MPL 35th National U-20 Girls Chess-ch 20"]
[Site "Haryana"]
[Date "2022.03.13"]
[Round "9.5"]
[White "Velpula Sarayu"]
[Black "Lakshmi C"]
[Result "1/2-1/2"]
[ECO "C45"]
[WhiteElo "1875"]
[BlackElo "1968"]
[Annotator "NA"]
[PlyCount "175"]
[EventDate "2022.03.09"]
[EventCountry "IND"]
[SourceTitle "playchess.com"]
[Source "ChessBase"]
[SourceQuality "1"]
[TimeControl "5400+30"]

1. e4 e5 2. Nf3 Nc6 3. d4 exd4 4. Nxd4 Bc5 5. Nb3 Bb6 6. Nc3 Nf6 7. Qe2 d6 8. Be3 Be6 9. O-O-O Qd7 10. f3 O-O-O 11. Bxb6 axb6 12. Qf2 Qe7 13. Nd4 d5 14. Nxc6 bxc6 15. e5 Nd7 16. f4 Qc5 17. Qd2 (17. Qxc5 $1 $11 Nxc5 18. b4) 17... Kb7 (17... f6 $17) 18. a3 Qa5 (18... f6 $15 19. exf6 Nxf6) 19. Be2 f6 (19... Nf6 $2 ) 20. exf6 Nxf6 21. Bf3 Qc5 22. Rhe1 Rhe8 23. Re5 Bg4 24. Qe2 Bxf3 25. gxf3 b5 26. Qd2 Nd7 27. Rg5 Qf8 28. Kb1 g6 29. Ne2 Nb6 30. Re1 Nc4 31. Qc1 Re3 32. Nd4 Rde8 33. Rxe3 Rxe3 34. Rg4 h5 35. Rxg6 Qxf4 36. Nxc6 Qxf3 37. Na5+ Nxa5 38. Rg3 Qxg3 39. hxg3 Re5 40. b3 Nc6 41. Qf1 d4 42. Kb2 Kb6 43. Qf4 Kb7 44. Qf3 Kb6 45. b4 Rg5 46. Ka2 Re5 47. Kb2 $2 Rg5 48. Qf7 Re5 49. Qg6 Kb7 50. Ka2 Kb6 51. Qf7 Kb7 52. Qf3 Kb6 53. Kb1 $16 Re1+ 54. Kb2 Re5 55. Ka2 Kb7 56. g4 hxg4 57. Qxg4 Kb6 58. Kb2 Kb7 59. Qg1 Rf5 60. Qg2 Kb6 61. Qg8 Re5 62. Qc8 Rg5 63. Qf8 Re5 64. Kc1 Re1+ 65. Kd2 Re5 66. c3 dxc3+ 67. Kxc3 Re3+ 68. Kb2 (68. Kd2 ) 68... Re5 69. Qg8 Kb7 70. Qg2 Kb6 71. Kc3 Re3+ 72. Kd2 Re5 73. Kc3 Re3+ $16 74. Kd2 Re5 75. Qf3 $16 Kb7 (75... Re6 $14) 76. Kc3 Kb6 77. Kb2 Kb7 78. Kb3 Kb6 79. Qf2+ Kb7 80. Qg1 Rf5 81. Qe3 Re5 82. Qd3 Rg5 83. a4 Na7 84. Qe4+ Nc6 85. Qd3 Na7 86. Qf3+ Nc6 87. a5 Re5 88. Qd3 1/2-1/2